AoeStats
← migueluptown

Arena

507405060Analyzed
4v4 RM · 15d ago on Sep 18, 2026· 97m 28s· 8 players
Game mode
Random Map
Map size
Large (8 player)
Population
200
Speed
Normal
Resources
Standard
Victory
Conquest
Starting age
Dark Age
Ending age
Imperial Age
RankedLock teamsTeams togetherTeam positionsShared explorationLock speedFull tech treeHidden civsTurbo modeCheats
Victory
Defeat
🇵🇪 Britons · Peru
1008
+16
🇵🇪 Spanish · Peru
972
+18
🇨🇦 Poles · Canada
955
+18
🇵🇪 Hindustanis · Peru
909
+20
🇧🇷 Celts · Brazil
1272
-27
🇨🇳 Bohemians · China
1000
-18
🇧🇷 Byzantines · Brazil
969
-17
🇧🇷 Persians · Brazil
794
-10
TheCreepy
2:46 Loom
11:48 Feudal Age
12:14 Double-Bit Axe
18:16 Castle Age
16:36 Stone Mining
17:04 Horse Collar
19:49 Wheelbarrow
20:02 Pikeman
21:04 Hand Cart
23:01 Squires
24:39 Scale Mail Armor
25:35 Gold Mining
30:24 Imperial Age
28:14 Bow Saw
28:07 Elite Skirmisher
28:40 Fletching
28:50 Padded Archer Armor
29:46 Thumb Ring
31:34 Conscription
30:45 Elite Obuch
33:49 Bodkin Arrow
34:32 Leather Archer Armor
34:35 Bracer
35:58 Forging
39:41 Chain Mail Armor
41:21 Plate Mail Armor
41:27 Iron Casting
52:57 Blast Furnace
51:47 Arson
98:18 Lechitic Legacy
97:23 Light Cavalry
98:05 Husbandry
PiernasKortas
2:10 Loom
10:10 Feudal Age
10:57 Horse Collar
11:03 Double-Bit Axe
17:56 Castle Age
16:43 Padded Archer Armor
16:34 Fletching
19:20 Bow Saw
19:15 Heavy Plow
19:18 Fletching
19:50 Gold Mining
22:52 Leather Archer Armor
25:52 Crossbowman
27:00 Bodkin Arrow
30:24 Wheelbarrow
30:17 Ballistics
29:59 Stone Mining
31:18 Pikeman
31:58 Squires
31:44 Arson
32:32 Yeomen
35:56 Imperial Age
34:12 Scale Mail Armor
34:23 Forging
36:24 Halberdier
36:34 Arbalester
37:18 Sappers
38:09 Conscription
38:35 Bracer
39:06 Ring Archer Armor
38:48 Warwolf
41:28 Chemistry
40:11 Treadmill Crane
40:48 Chain Mail Armor
41:09 Iron Casting
43:28 Elite Longbowman
69:44 Gold Shaft Mining
71:53 Heavy Scorpion
71:56 Capped Ram
75:51 Man-at-Arms
76:19 Gambesons
77:24 Elite Skirmisher
80:18 Guilds
80:39 Coinage
81:29 Onager
88:56 Banking
Jota
0:27 Loom
12:05 Feudal Age
17:27 Castle Age
15:25 Horse Collar
15:40 Double-Bit Axe
16:18 Gold Mining
17:40 Stone Mining
20:52 Heavy Plow
28:07 Gold Shaft Mining
28:12 Forging
28:08 Scale Barding Armor
32:08 Imperial Age
31:18 Scale Mail Armor
32:18 Elite Ghulam
33:23 Conscription
32:46 Heavy Camel Rider
34:41 Wheelbarrow
33:52 Town Watch
34:27 Bow Saw
36:34 Hand Cart
35:51 Imperial Camel Rider
37:48 Chain Barding Armor
38:57 Chain Mail Armor
39:18 Iron Casting
43:53 Two-Man Saw
43:33 Padded Archer Armor
43:23 Fletching
46:20 Chemistry
45:41 Ballistics
44:46 Elite Skirmisher
46:01 Bodkin Arrow
46:22 Leather Archer Armor
47:08 Blast Furnace
47:48 Plate Barding Armor
49:09 Ring Archer Armor
48:40 Bracer
54:19 Shatagni
65:04 Grand Trunk Road
67:46 Caravan
79:40 Coinage
80:33 Light Cavalry
81:26 Bloodlines
81:15 Hussar
migueluptown
10:26 Feudal Age
11:03 Double-Bit Axe
13:38 Horse Collar
17:47 Castle Age
17:14 Man-at-Arms
18:40 Forging
19:17 Scale Mail Armor
20:30 Wheelbarrow
24:12 Long Swordsman
26:23 Fletching
33:21 Padded Archer Armor
35:25 Arson
35:41 Squires
37:51 Heavy Plow
38:16 Scale Barding Armor
65:27 Hand Cart
72:30 Loom
73:24 Gambesons
78:45 Light Cavalry
79:27 Husbandry
81:12 Chain Barding Armor
81:38 Bloodlines
82:21 Bow Saw
85:12 Caravan
85:06 Gold Mining
96:53 Imperial Age
KFE@ segundo pior
3:23 Loom
10:28 Feudal Age
11:11 Double-Bit Axe
12:13 Horse Collar
13:28 Wheelbarrow
17:01 Castle Age
17:41 Fletching
18:17 Bow Saw
18:33 Heavy Plow
20:03 Forging
19:52 Bodkin Arrow
19:58 Padded Archer Armor
20:11 Pikeman
22:39 Leather Archer Armor
23:12 Stone Mining
23:43 Crossbowman
24:55 Gold Mining
26:37 Hand Cart
29:31 Thumb Ring
30:29 Forging
33:19 Scale Mail Armor
33:26 Scale Barding Armor
33:36 Squires
33:22 Arson
35:06 Ballistics
35:19 Murder Holes
35:06 Treadmill Crane
35:38 Fortified Wall
40:19 Gambesons
40:41 Elite Skirmisher
45:29 Imperial Age
54:10 Imperial Age
79:41 Arbalester
KFE@Çenora
10:06 Feudal Age
15:10 Castle Age
18:28 Horse Collar
20:59 Heavy Plow
22:33 Gold Mining
22:30 Double-Bit Axe
22:55 Scale Barding Armor
30:26 Chain Barding Armor
30:16 Forging
33:02 Gold Shaft Mining
32:42 Bow Saw
38:08 Imperial Age
39:01 Plate Barding Armor
39:02 Iron Casting
37:49 Cavalier
39:53 Crop Rotation
72:43 Loom
77:20 Savar
82:55 Husbandry
91:24 Light Cavalry
Bebê Demônio
10:29 Feudal Age
16:22 Castle Age
14:17 Horse Collar
14:24 Double-Bit Axe
17:38 Scale Mail Armor
17:49 Forging
18:35 Bow Saw
18:49 Loom
19:13 Pikeman
24:45 Chain Mail Armor
27:44 Heavy Plow
28:21 Wheelbarrow
27:32 Town Watch
27:40 Man-at-Arms
34:26 Imperial Age
32:18 Long Swordsman
32:44 Gambesons
33:52 Iron Casting
33:03 Arson
33:59 Masonry
35:43 Plate Mail Armor
36:13 Blast Furnace
34:34 Two-Handed Swordsman
34:41 Capped Ram
37:33 Conscription
37:40 Siege Engineers
37:18 Champion
37:58 Siege Ram
40:42 Furor Celtica
40:45 Heavy Scorpion
42:15 Stronghold
45:50 Chemistry
45:11 Ballistics
44:32 Treadmill Crane
44:58 Gold Mining
44:58 Stone Mining
61:12 Halberdier
66:06 Caravan
68:55 Fletching
83:11 Bodkin Arrow
84:44 Hoardings
vper1490
10:23 Feudal Age
12:06 Double-Bit Axe
12:04 Horse Collar
16:53 Castle Age
19:03 Fervor
19:33 Wheelbarrow
25:37 Chemistry
24:58 Ballistics
25:56 Padded Archer Armor
25:48 Fletching
30:50 Bow Saw
31:27 Leather Archer Armor
30:59 Loom
31:23 Town Watch
32:29 Bodkin Arrow
36:25 Imperial Age
34:09 Wagenburg Tactics
34:39 Squires
33:59 Pikeman
35:50 Redemption
36:16 Heavy Plow
36:19 Town Patrol
36:36 Hand Cart
37:12 Sanctity
36:22 Elite Skirmisher
38:51 Ring Archer Armor
38:22 Bracer
39:07 Block Printing
39:16 Scale Mail Armor
39:26 Forging
40:33 Halberdier
41:29 Chain Mail Armor
41:39 Elite Hussite Wagon
42:32 Hussite Reforms
45:02 Houfnice
50:19 Husbandry
49:40 Light Cavalry
53:59 Conscription
58:05 Plate Mail Armor
58:11 Iron Casting
60:21 Bombard Tower
62:45 Treadmill Crane
70:07 Onager
74:02 Cavalier
79:29 Two-Man Saw
79:33 Caravan
80:34 Heavy Scorpion
81:31 Capped Ram
91:47 Blast Furnace
Connection lost

Rejoining the realm…

Still unreachable

The connection could not be restored.

Session expired

The server has moved on; the page needs a fresh start.